 Dungeon Crawl Stone Soup version 0.30-a0-726-gd89dcf765f (webtiles) character file.

Game seed: 6067798940739253446

361 timneilson the Covered (level 6, 0/38 HPs)
             Began as a Gargoyle Fighter on Jan 29, 2023.
             Blown up by Ijyb (16 damage)
             ... with a mindburst bolt
             ... on level 4 of the Dungeon.
             The game lasted 00:04:33 (3124 turns).

timneilson the Covered (Gargoyle Fighter)           Turns: 3124, Time: 00:04:34

Health: 0/38       AC: 18    Str: 22    XL:     6   Next: 66%
Magic:  6/6        EV: 13    Int:  8    God:
Gold:   184        SH:  4    Dex:  9    Spells: 5/5 levels left

rFire   . . .      SeeInvis .    a - +0 long sword
rCold   . . .      Faith    .    c - +0 buckler
rNeg    + . .      Spirit   .    h - +0 chain mail
rPois   ∞          Reflect  .    k - +0 helmet
rElec   +          Harm     .    (no cloak)
rCorr   .          Rampage  .    j - +0 pair of gloves
Will    .....                    l - +1 pair of boots Stlth
                                 (no amulet)
HPRegen 0.26/turn                o - +5 ring of evasion
MPRegen 0.10/turn                (no ring)

@: no status effects
A: sickness immunity, AC +4, negative energy resistance 1, electricity
resistance, torment resistance 1, petrification resistance
a: no special abilities


You were on level 4 of the Dungeon.
You visited 1 branch of the dungeon, and saw 4 of its levels.

You collected 184 gold pieces.

Inventory:

Hand Weapons
 a - a +0 long sword (weapon)
Armour
 c - a +0 buckler (worn)
 h - a +0 chain mail (worn)
 j - a +0 pair of gloves (worn)
 k - a +0 helmet (worn)
 l - a +1 pair of boots (worn)
Jewellery
 b - a ring of ice
 o - a +5 ring of evasion (left hand)
Wands
 p - a wand of light (5)
Scrolls
 q - a scroll of fog {unknown}
Potions
 d - a potion of flight
 e - a potion of berserk rage
 f - 2 potions of lignification
 g - 2 potions of ambrosia
 i - a potion of attraction {unknown}
 m - a potion of heal wounds
 n - a potion of curing {unknown}


   Skills:
 + Level 4.0 Fighting
 * Level 3.4 Long Blades
 * Level 5.0 Armour
 + Level 1.4 Dodging
 * Level 4.8 Shields
 + Level 0.1 Evocations


You had 5 spell levels left.
You didn't know any spells.
Your spell library contained the following spells:

 Spells                   Type           Power      Damage    Failure   Level
 Portal Projectile        Hex/Tloc       0%         N/A       100%        3
 Tukima's Dance           Hex            0%         N/A       100%        3
 Petrify                  Tmut/Erth      0%         N/A       100%        4
 Blade Hands              Tmut           0%         N/A       100%        5
 Metabolic Englaciation   Hex/Ice        0%         N/A       100%        5
 Statue Form              Tmut/Erth      Unusable   N/A       N/A         6

Dungeon Overview and Level Annotations

Branches:
Dungeon (4/15)
 Temple: D:4-7

Altars:
Fedhas
Yredelemnul

Shops:
D:2 :

Annotations:
D:4 2 transporters, Hamu's ghost, amateur GnWn; Ijyb


Innate Abilities, Weirdness & Mutations

You are immune to sickness and miasma.
Your stone body is resilient. (AC +4)
You are immune to poison.
You resist negative energy. (rN+)
You are resistant to electric shocks. (rElec)
You are resistant to unholy torment.
You are immune to petrification.


Message History

You hit the jelly.
You kill the jelly!
Your Armour skill increases to level 5!
You are no longer corroded.
You now have 170 gold pieces (gained 7).
You now have 184 gold pieces (gained 14).
q - a scroll labelled CIDYBULEUJ You open the large door.
As you open the door, it creaks loudly!
Found a stone staircase leading down.
There is an open door here. 2 goblins come into view.
The goblin shouts!
There are monsters nearby!
Ijyb and 4 goblins come into view.
Ijyb is wielding a +4 club and carrying a wand of mindburst (22).
Ijyb shouts!
The goblin shouts! x3
Ijyb screams, "No!
No, no, no, no!"
Found a club and 5 gold pieces.
The goblin barely misses you.
The quasit gives a chilling moan.
You hit the goblin.
You kill the goblin!
You hear a chilling moan.
The goblin unwields a +0 dagger.
The goblin wields a +0 sling.
The goblin shoots a sling bullet.
The sling bullet misses you.
The goblin hits you but does no damage. x2
You hit the goblin.
You kill the goblin!
The goblin shoots a sling bullet.
The sling bullet closely misses you.
Ijyb zaps a wand.
Your mind is blasted!
You barely miss the goblin. The goblin barely misses you.
The goblin hits you but does no damage.
The goblin unwields a +0 sling.
The goblin wields a +0 dagger.
The goblin hits you but does no damage.
You hit Ijyb but do no damage. You block the goblin's attack.
The goblin closely misses you. You block the goblin's attack.
You barely miss Ijyb. The goblin hits you with a +0 club.
Ijyb hits you but does no damage. The goblin barely misses you.
The goblin hits you with a +0 dagger. The goblin hits you with a +0 club.
The goblin barely misses you.
Ijyb zaps a wand.
Your mind is blasted!
You die...

#...#####
######## #...
##'## #..).$..#
#### ###..#
#8.....8#
###...###
#.......#
#>......#
#8.....8#
#####.#.#
#.......#
#.#.###8g....8#
#.#..##ggg....#
#.##..#8@g...8#
#.............#
#.............#
#.....#####.##..
#.....# ... # .
#.....# ###..##
#. # #.#####
#....#5 . # #.
#....## #. #
#.#.# #....© ..
#.##


You could see Ijyb, a quasit and 4 goblins.

Vanquished Creatures
  A necrophage (D:4)
  A hound (D:3)
  A jelly (D:4)
  Jessica (D:2)
  An orc wizard (D:4)
  Robin (D:2)
  3 gnolls (D:4)
  4 adders
  A worm (D:3)
  A dart slug (D:3)
  7 orcs
  4 endoplasms
  3 giant cockroaches
  15 goblins
  17 hobgoblins
  3 quokkas
  11 ball pythons
  9 bats
  5 frilled lizards
  8 kobolds
  3 rats
100 creatures vanquished.

Notes
Turn   | Place    | Note
-------+----------+-------------------------------------------
     0 | D:1      | timneilson the Gargoyle Fighter began the quest for the
                  | Orb.
     0 | D:1      | Reached XP level 1. HP: 14/14 MP: 1/1
   136 | D:1      | Reached XP level 2. HP: 19/19 MP: 2/2
   361 | D:1      | Reached XP level 3. HP: 21/23 MP: 3/3
   723 | D:2      | Noticed Robin
   768 | D:2      | Killed Robin
   845 | D:2      | Reached XP level 4. HP: 26/28 MP: 4/4
   909 | D:2      | Reached skill level 4 in Armour
  1093 | D:2      | Found Terouloem's Book Shoppe.
  1147 | D:2      | Noticed Jessica
  1152 | D:2      | Killed Jessica
  1484 | D:2      | Reached XP level 5. HP: 33/33 MP: 5/5
  1828 | D:3      | Reached skill level 1 in Dodging
  2459 | D:4      | Found a blossoming altar of Fedhas.
  2489 | D:4      | Found a transporter.
  2490 | D:4      | Noticed Hamu's ghost (amateur GnWn)
  2504 | D:4      | Found a transporter.
  2598 | D:4      | Reached XP level 6. HP: 11/38 MP: 6/6
  2783 | D:4      | Found a basalt altar of Yredelemnul.
  3009 | D:4      | Reached skill level 5 in Armour
  3117 | D:4      | Noticed Ijyb
  3124 | D:4      | Blown up by Ijyb

Illustrated notes

Levels and vault maps discovered:
D:1:      heliophobic_arrival_battle_scene, layout_loops_ring
D:2:      mumra_celtic_spiral_tile, layout_basic, serial_shops,
          nicolae_shop_hallway_plus, uniq_robin, uniq_jessica
D:3:      layout_loops_ring
D:4:      kennysheep_the_goblin_king, layout_basic, fedhas_ov_isle_minmay,
          yredelemnul_altar_generic, gammafunk_ghost_stat_death

Skill      XL: |  1  2  3  4  5  6 |
---------------+-------------------+-----
Long Blades    | 2 3 |  3.4
Armour         | 4 5 |  5.0
Shields        | 4 |  4.8
Dodging        | 1 |  1.4
Fighting       | 4 |  4.0
Evocations     | |  0.1

Action                     |  1- 3 |  4- 6 || total
---------------------------+-------+-------++-------
  Melee: Long sword        |   117 |   267 ||   384
    Use: Potion            |     1 |       ||     1
         Scroll            |       |     9 ||     9
 Armour: Scale mail        |    17 |       ||    17
         Chain mail        |    66 |   207 ||   273
  Dodge: Dodged            |    45 |   124 ||   169
  Block: Buckler           |    26 |    50 ||    76

Table legend: (Time is in decaauts)
 A = Elapsed time spent in this place.
 B = Non-inter-level travel time spent in this place.
 C = Inter-level travel time spent in this place.
 D = Time resting spent in this place.
 E = Time spent auto-exploring this place.
 F = Levels seen in this place.
 G = Mean time per level.
                   A        B        C        D        E       F      G
               +--------+--------+--------+--------+--------+-----+--------+
         Total |   3241 |   3171 |     70 |      6 |   2315 |   4 |  810.2 |
       Dungeon |   3241 |   3171 |     70 |      6 |   2315 |   4 |  810.2 |
               +--------+--------+--------+--------+--------+-----+--------+

Top non-repeatable levels by time:
     D:2: 1175 daAuts
     D:4: 711 daAuts
     D:1: 680 daAuts
     D:3: 674 daAuts
